 Dungeon Crawl Stone Soup version 0.22-a0-293-gc9362ec4a2 (webtiles) character file.

4389 Infinimo the Martial Artist (level 10, 0/74 HPs)
             Began as a Merfolk Transmuter on Mar 24, 2018.
             Was an Initiate of Makhleb.
             Succumbed to a killer bee's poison
             ... on level 7 of the Dungeon.
             The game lasted 00:18:58 (12488 turns).

Infinimo the Martial Artist (Merfolk Transmuter)   Turns: 12488, Time: 00:18:58

Health: 0/74       AC:  4    Str: 11    XL:     10   Next: 35%
Magic:  9/14       EV: 14    Int: 15    God:    Makhleb [......]
Gold:   345        SH:  0    Dex: 15    Spells: 5/14 levels left

rFire    . . .     SeeInvis .     - Unarmed
rCold    . . .     Gourm    .   (shield currently unavailable)
rNeg     . . .     Faith    .   t - +0 robe {Archmagi}
rPois    .         Spirit   .   j - +0 helmet
rElec    .         Reflect  .   (no cloak)
rCorr    .         Harm     .   (gloves currently unavailable)
MR       .....                  l - +0 pair of boots {Fly}
Stlth    +.........             (no amulet)
HPRegen  0.22/turn              (no ring)
MPRegen  0.14/turn              (no ring)

@: lethally poisoned (0 -> -9), blade hands, flying, starving
A: change form in water, swift swim, stealthy swim
a: End Transformation, Renounce Religion, Stop Flying


You were on level 7 of the Dungeon.
You worshipped Makhleb.
Makhleb was noncommittal.
You were starving.
You had blades for hands.
You visited 2 branches of the dungeon, and saw 9 of its levels.

You collected 345 gold pieces.

Inventory:

Missiles
 a - 57 arrows
 n - 181 stones (quivered)
Armour
 j - a +0 helmet (worn)
 l - a +0 pair of boots of flying (worn)
 t - a +0 robe of the Archmagi (worn)
Magical Staves
 f - an uncursed staff of wizardry (melded)
Jewellery
 o - an uncursed ring of wizardry {unknown}
Wands
 g - a wand of iceblast (11)
Scrolls
 e - a scroll of teleportation
 h - 3 scrolls of enchant weapon
 i - a scroll of fog
 p - 2 scrolls of amnesia
 s - a scroll of magic mapping
 u - 7 scrolls of identify
Potions
 b - a potion of magic {unknown}
 c - a potion of degeneration
 k - 2 potions of mutation
 q - a potion of haste {unknown}
Comestibles
 d - 11 rations


   Skills:
 + Level 5.5 Fighting
 + Level 4.1 Dodging
 * Level 12.3 Unarmed Combat
 + Level 2.9 Spellcasting
 - Level 10.1 Transmutations


You had 5 spell levels left.
You knew the following spells:

 Your Spells              Type           Power        Failure   Level  Hunger
a - Beastly Appendage     Tmut           #####.       10%         1    #......
b - Spider Form           Tmut/Pois      ####......   41%         3    ###....
c - Blade Hands           Tmut           #####.....   43%         5    ######.


Dungeon Overview and Level Annotations

Branches:
Dungeon (8/15)             Temple (1/1) D:7
   Lair: D:8-11

Altars:
Ashenzari
Cheibriados
Dithmenos
Elyvilon
Fedhas
Gozag
Hepliaklqana
Kikubaaqudgha
Makhleb
Nemelex Xobeh
Qazlal
Sif Muna
Trog
Uskayaw
Vehumet
Wu Jian
Xom
Yredelemnul
Zin
The Shining One


Message History

Unknown command.
Unknown command.
Casting: Blade Hands (safe; 3% risk of failure)
Confirm with . or Enter, or press ? or * to list all spells.
You feel a surge of power!
Your hands turn into razor-sharp scythe blades.
Your uncursed staff of wizardry melds into your body.
You are starving!
The killer bee stings you.
* * * LOW HITPOINT WARNING * * *
You are lethally poisoned!
The killer bee poisons you! The killer bee stings you.
* * * LOW HITPOINT WARNING * * *
You are more poisoned.
The killer bee poisons you!
Okay, then.
Unknown command.
Okay, then.
Unknown command.
You die...

#####...##
#.##.#.#
..##..⌠.⌠##
#......#
..##..._..#
####.###
......⌠.⌠.# #.#
..##......# #.#
#.##.....## #.#
..######## ##.##
### ##.y.# #.@..#
#############
#....#
....#.......#
#.####
###.#.......# #.#
###.#..####.###.#
...............<#
###.#..####.#####
###.#..####.#
....#.......#


You could see a killer bee.

Vanquished Creatures
  Pikel (D:7)
  5 yaks
  A wyvern (D:8)
  A water moccasin (D:8)
  An ice beast (D:7)
  A sky beast (D:4)
  4 phantoms
  A slave (D:7)
  4 ogres
  A centaur (D:6)
  A crocodile (D:7)
  3 bullfrogs (D:7)
  3 scorpions
  3 killer bees
  3 howler monkeys
  4 wights
  A crimson imp (D:5)
  2 bullfrog zombies
  A jelly (D:4)
  5 orc priests
  2 bullfrog skeletons
  5 hounds
  7 orc wizards
  A centaur skeleton (D:5)
  3 iguanas
  8 worker ants
  A hound zombie (D:7)
  A worker ant zombie (D:8)
  7 adders
  2 shadow imps
  An ooze (D:1)
  An adder zombie (D:5)
  An adder skeleton (D:5)
  3 worms
  A dart slug (D:2)
  2 leopard geckos
  16 orcs
  5 giant cockroaches
  8 goblins
  8 hobgoblins
  11 jackals
  4 kobolds
  4 quokkas
  A ball python (D:2)
  5 bats
  5 frilled lizards
  A jackal zombie (D:7)
  2 leopard gecko skeletons
  A rat (D:1)
163 creatures vanquished.

Vanquished Creatures (others)
  A bullfrog (D:7)
  A hound (D:7)
  A giant cockroach (D:7)
  A butterfly (D:7)
4 creatures vanquished.

Grand Total: 167 creatures vanquished

Notes
Turn   | Place    | Note
-------+----------+-------------------------------------------
     0 | D:1      | Infinimo the Merfolk Transmuter began the quest for the Orb.
     0 | D:1      | Reached XP level 1. HP: 15/15 MP: 3/3
   312 | D:1      | Reached XP level 2. HP: 21/21 MP: 3/5
   994 | D:2      | Reached skill level 4 in Unarmed Combat
  1179 | D:2      | Reached XP level 3. HP: 26/26 MP: 6/6
  1742 | D:2      | Learned a level 3 spell: Spider Form
  2145 | D:2      | Reached XP level 4. HP: 24/32 MP: 7/7
  2401 | D:2      | Found a hazy altar of Hepliaklqana.
  2778 | D:3      | Reached skill level 5 in Unarmed Combat
  3212 | D:3      | Found an opulent altar of Gozag.
  3310 | D:4      | Reached XP level 5. HP: 27/37 MP: 6/8
  3775 | D:4      | Reached skill level 6 in Unarmed Combat
  3775 | D:4      | Reached skill level 5 in Transmutations
  4049 | D:4      | Reached XP level 6. HP: 12/43 MP: 7/9
  4514 | D:4      | Found a white marble altar of Elyvilon.
  4547 | D:4      | Noticed a phantom
  4562 | D:4      | Killed a phantom
  5058 | D:4      | Reached skill level 7 in Unarmed Combat
  5211 | D:4      | Reached XP level 7. HP: 30/48 MP: 7/10
  5325 | D:4      | Learned a level 5 spell: Blade Hands
  5862 | D:4      | Reached skill level 8 in Unarmed Combat
  6285 | D:5      | Entered Level 5 of the Dungeon
  6402 | D:5      | Found a blossoming altar of Fedhas.
  6475 | D:5      | Found a glowing golden altar of the Shining One.
  6555 | D:5      | Reached XP level 8. HP: 30/54 MP: 11/11
  6738 | D:5      | Found a shimmering altar of Xom.
  7219 | D:5      | Noticed a yak
  7243 | D:5      | Noticed a yak
  7243 | D:5      | Noticed a yak
  7244 | D:5      | Noticed a yak
  7244 | D:5      | Noticed a yak
  7252 | D:5      | Killed a yak
  7252 | D:5      | Reached skill level 9 in Unarmed Combat
  7259 | D:5      | Killed a yak
  7406 | D:4      | Killed a yak
  7678 | D:4      | Killed a yak
  7678 | D:4      | Reached skill level 10 in Unarmed Combat
  8038 | D:4      | Reached XP level 9. HP: 15/61 MP: 2/12
  8457 | D:5      | Found a shadowy altar of Dithmenos.
  9379 | D:5      | Reached skill level 11 in Unarmed Combat
 10810 | D:7      | Noticed Pikel
 10816 | D:7      | Killed Pikel
 10816 | D:7      | Reached skill level 10 in Transmutations
 10816 | D:7      | Reached XP level 10. HP: 54/73 MP: 2/13
 11043 | D:7      | Reached skill level 5 in Fighting
 11107 | D:7      | Reached skill level 12 in Unarmed Combat
 11463 | D:7      | Found a sparkling altar of Nemelex Xobeh.
 11491 | D:7      | Found a staircase to the Ecumenical Temple.
 11604 | Temple   | Entered the Ecumenical Temple
 11824 | Temple   | Became a worshipper of Makhleb the Destroyer
 12487 | D:7      | HP: 2/74 [killer bee (6)]
 12488 | D:7      | Succumbed to a killer bee's poison

Vault maps used:
D:1:      co_arrival_square_in_a_square_in_a_square, serial_aquarium,
          aquarium_bridge_straight, aquarium_bridge_straight, aquarium_window_2,
          aquarium_window_2, aquarium_window_2, aquarium_window_fake,
          aquarium_view_2a, dk_noncrumbling_2
D:2:      lemuel_doored_altar, first_ration
D:3:      marbit_many_paths
D:4:      nicolae_overflow_hidden_temple, serial_glass, glass_columns_a,
          glass_columns_c
D:5:      lemuel_crystal_altar, fedhas_altar_2, old_standard_altar,
          grunt_dithmenos_shadows
D:6:      corexii_item_surrounded_by_moat, grunt_ministairs_6, minmay_liquid_box
D:7:      nemelex_xobeh_ov_fountains_minmay, minmay_temple_entry_butterflies,
          uniq_pikel
D:8:      kennysheep_little_box, grunt_livestock, minmay_crystal_room,
          minmay_joined_circles
Temple:   nicolae_temple_figure_eight

Skill      XL: |  1  2  3  4  5  6  7  8  9 10 |
---------------+-------------------------------+-----
Transmutations | 3 4 5 6 7 8 10 | 10.1
Unarmed Combat | 4 5 6 7 8 10 11 12 | 12.3
Fighting       | 2 4 5 |  5.5
Dodging        | 4 |  4.1
Spellcasting   | |  2.9

Action                   |  1- 3 |  4- 6 |  7- 9 | 10-12 || total
-------------------------+-------+-------+-------+-------++-------
Melee: Unarmed           |   131 |   133 |   215 |    79 ||   558
       Headbutt          |    11 |    13 |     5 |       ||    29
       Punch             |     1 |       |     6 |     1 ||     8
       Staff             |       |       |    20 |     7 ||    27
Throw: Stone             |     3 |       |       |       ||     3
 Cast: Beastly Appendage |    20 |    15 |     3 |       ||    38
       Spider Form       |       |     4 |     6 |       ||    10
       Blade Hands       |       |       |    23 |    13 ||    36
  Use: Potion            |     1 |     1 |     7 |     4 ||    13
       Scroll            |       |    11 |     3 |       ||    14
 Stab: Sleeping          |     1 |       |       |       ||     1
  Eat: Chunk             |     4 |     8 |    14 |     9 ||    35
       Ration            |       |     1 |     4 |       ||     5
Armor: Robe              |    19 |    25 |    29 |     9 ||    82
       Skin              |       |       |     4 |       ||     4
Dodge: Dodged            |    85 |   100 |   157 |    76 ||   418

Table legend:
 A = Spawn XP
 B = Non-spawn XP
 C = Spawn XP percentage of total XP
 D = Spawn monster count
 E = Non-spawn monster count
 F = Spawn count percentage of total count
 G = Total turns spent on level
                    A         B        C        D         E        F      G
               +---------+---------+-------+---------+---------+-------+---------
         Total |       0 |    6271 |   0.0 |       0 |     162 |   0.0 | 12488
               +---------+---------+-------+---------+---------+-------+---------
           D:1 |       0 |      23 |   0.0 |       0 |      11 |   0.0 |  1218
           D:2 |       0 |      67 |   0.0 |       0 |      27 |   0.0 |  1290
           D:3 |       0 |      76 |   0.0 |       0 |      18 |   0.0 |  1446
           D:4 |       0 |    1437 |   0.0 |       0 |      26 |   0.0 |  3504
           D:5 |       0 |    1561 |   0.0 |       0 |      34 |   0.0 |  2131
           D:6 |       0 |     665 |   0.0 |       0 |      14 |   0.0 |  1117
           D:7 |       0 |    1576 |   0.0 |       0 |      16 |   0.0 |  1275
           D:8 |       0 |     866 |   0.0 |       0 |      16 |   0.0 |   250
               +---------+---------+-------+---------+---------+-------+---------
